 Dungeon Crawl Stone Soup version 0.19.5 (webtiles) character file.

470 Monsterrace the Firebug (level 6, 0/34 HPs)
             Began as a Deep Elf Fire Elementalist on Apr 9, 2017.
             Was a Follower of Sif Muna.
             Slain by a killer bee (8 damage)
             ... on level 4 of the Dungeon.
             The game lasted 00:18:29 (5396 turns).

Monsterrace the Firebug (DEFE)                      Turns: 5396, Time: 00:18:30

Health: 0/34       AC:  4    Str:  5    XL:     6   Next: 82%
Magic:  15/15      EV: 13    Int: 22    God:    Sif Muna [*.....]
Gold:   79         SH:  0    Dex: 15    Spells: 4 memorised, 2 levels left

rFire  . . .     SeeInvis .     l - +2 hand axe (drain)
rCold  . . .     Gourm    .     a - +0 robe
rNeg   . . .     Faith    .     (no shield)
rPois  .         Spirit   .     o - +0 hat
rElec  .         Reflect  .     e - +1 cloak
rCorr  .         Harm     .     (no gloves)
MR     .....                    (no boots)
Stlth  +.........               (no amulet)
                                (no ring)
                                i - ring of loudness (curse)

@: no status effects
A: no striking features
a: Divine Energy, Renounce Religion


You were on level 4 of the Dungeon.
You worshipped Sif Muna.
Sif Muna was aware of your devotion.
You were not hungry.

You visited 1 branch of the dungeon, and saw 4 of its levels.

You collected 79 gold pieces.

Inventory:

Hand Weapons
 g - a +0 dagger
 l - a +2 hand axe of draining (weapon)
Armour
 a - a +0 robe (worn)
 e - a +1 cloak (worn)
 o - a +0 hat (worn)
 p - +0 mottled dragon scales
Jewellery
 i - a cursed ring of loudness (left hand)
Scrolls
 d - 2 scrolls of identify
 k - 2 scrolls of enchant armour
Potions
 c - a potion of might
 h - 5 potions of curing
 j - a potion of haste
 m - a potion of cancellation
Books
 b - a book of Flames

   Spells                             Type                      Level
   a - Flame Tongue                   Conjuration/Fire             1
   b - Throw Flame                    Conjuration/Fire             2
   c - Conjure Flame                  Conjuration/Fire             3
   d - Inner Flame                    Hexes/Fire                   3
   e - Sticky Flame                   Conjuration/Fire             4
   f - Fireball                       Conjuration/Fire             5
Comestibles
 f - a fruit
 n - 2 bread rations
 q - a meat ration


   Skills:
 - Level 1.0 Fighting
 - Level 3.0 Dodging
 - Level 2.4 Stealth
 * Level 5.1 Spellcasting
 * Level 4.1 Conjurations
 * Level 6.0 Fire Magic


You had 2 spell levels left.
You knew the following spells:

 Your Spells              Type           Power        Failure   Level  Hunger
a - Flame Tongue          Conj/Fire      ####.        1%          1    None
b - Conjure Flame         Conj/Fire      ####....     4%          3    ##.....
c - Sticky Flame          Conj/Fire      ####....     14%         4    ####...
d - Fireball              Conj/Fire      ####......   38%         5    #####..


Dungeon Overview and Level Annotations

Branches:
Dungeon (4/15)
 Temple: D:4-7

Altars:
Dithmenos
Okawaru
Ru
Sif Muna


Message History

The killer bee stings you.
You are poisoned.
The killer bee poisons you!
Found a potion of cure mutation.
You feel sick.
The killer bee stings you but does no damage.
The killer bee stings you.
Found a helmet.
The killer bee closely misses you.
You feel sick. The killer bee stings you!
The killer bee stings you but does no damage.
The killer bee stings you.
* * * LOW HITPOINT WARNING * * *
You are lethally poisoned!
The killer bee poisons you!
You feel better. The killer bee misses you. The killer bee closely misses you.
The killer bee stings you!
* * * LOW HITPOINT WARNING * * *
The killer bee stings you!
You die...

...##.#.# #(#
##.#.# .####.#.#
#.# ##.#..#
........#
#.###.#.#.##
#####...
#(##.#...#.## ..
#.#.#.....#.#
#.#.#.≈≈≈.#.#
#)#.#≈...≈#.#
#)..#≈._.≈#.#
######@y.#≈...≈#.#
....[..yy.#.≈≈≈.#.#
.#######..#.....#.#
#...#...#..#
.....#...#.#...#
..#...#...#...##
##...#.....##
..........##
..).#...####


You could see 3 killer bees.

Vanquished Creatures
  An ogre (D:4)
  A scorpion (D:4)
  A howler monkey (D:3)
  Crazy Yiuf (D:2)
  3 orc wizards
  Terence (D:1)
  A howler monkey skeleton (D:4)
  2 adders
  An ooze (D:3)
  4 worms
  A dart slug (D:2)
  3 leopard geckos
  16 orcs
  2 ball pythons (D:1)
  5 giant cockroaches
  8 goblins
  7 hobgoblins
  12 jackals
  2 quokkas
  8 bats
  3 frilled lizards
  6 kobolds
  A leopard gecko skeleton (D:4)
  A quokka skeleton (D:4)
  7 rats
98 creatures vanquished.

Vanquished Creatures (others)
  A worm (D:4)
  3 orcs (D:4)
4 creatures vanquished.

Grand Total: 102 creatures vanquished

Notes
Turn   | Place    | Note
-------+----------+-------------------------------------------
     0 | D:1      | Monsterrace the Deep Elf Fire Elementalist began the quest for the Orb.
     0 | D:1      | Reached XP level 1. HP: 10/10 MP: 6/6
   546 | D:1      | Reached XP level 2. HP: 14/15 MP: 2/8
  1223 | D:1      | Reached skill level 4 in Fire Magic
  1375 | D:2      | Reached XP level 3. HP: 19/19 MP: 5/9
  1612 | D:2      | Found a shadowy altar of Dithmenos.
  2139 | D:1      | Learned a level 3 spell: Conjure Flame
  2203 | D:2      | Noticed Terence
  2349 | D:1      | Killed Terence
  2349 | D:1      | Reached XP level 4. HP: 16/24 MP: 0/11
  2517 | D:2      | Found a faded altar of an unknown god.
  2889 | D:2      | Found a runed door.
  2898 | D:2      | Learned a level 4 spell: Sticky Flame
  2898 | D:2      | Noticed Crazy Yiuf
  2904 | D:2      | Killed Crazy Yiuf
  2904 | D:2      | Reached skill level 5 in Fire Magic
  3050 | D:2      | Found a deep blue altar of Sif Muna.
  3053 | D:2      | Became a worshipper of Sif Muna the Loreminder
  3604 | D:3      | Reached XP level 5. HP: 28/28 MP: 6/13
  4575 | D:4      | Noticed an ogre
  4585 | D:4      | Killed an ogre
  4585 | D:4      | Reached XP level 6. HP: 33/33 MP: 5/14
  4720 | D:4      | Reached * piety under Sif Muna
  4966 | D:4      | Learned a level 5 spell: Fireball
  5037 | D:3      | Reached skill level 1 in Fighting
  5226 | D:4      | Reached skill level 5 in Spellcasting
  5339 | D:4      | Reached skill level 6 in Fire Magic
  5368 | D:4      | Found a sacrificial altar of Ru.
  5389 | D:4      | Found an iron altar of Okawaru.
  5396 | D:4      | Slain by a killer bee

Skill      XL: |  1  2  3  4  5  6 |
---------------+-------------------+-----
Fire Magic     | 4 5 6 |  6.0
Conjurations   | 2 3 4 |  4.1
Spellcasting   | 4 5 |  5.1
Fighting       | 1 |  1.0
Dodging        | 3 |  3.0
Stealth        | |  2.4

Action                   |  1- 3 |  4- 6 || total
-------------------------+-------+-------++-------
Melee: Dagger            |    13 |       ||    13
       Hand axe          |       |     2 ||     2
 Cast: Flame Tongue      |    75 |   137 ||   212
       Conjure Flame     |     1 |    12 ||    13
       Sticky Flame      |       |     2 ||     2
  Use: Scroll            |     4 |    10 ||    14
       Potion            |     4 |     4 ||     8
  Eat: Chunk             |     3 |     6 ||     9
       Beef jerky        |     1 |       ||     1
       Bread ration      |       |     1 ||     1
Armor: Robe              |     8 |    10 ||    18
Dodge: Dodged            |    38 |    34 ||    72
